EL
HARRISBURG SENATORS @ JACKSONVILLE SUNS
09/23/2049
 
TOP OF THE 1ST
Harrisburg Senators batting - Pitching for Jacksonville Suns : RHP Carlos Guerrero
Pitching: RHP Carlos Guerrero
Batting: RHB Ryan Hiemer 0-0: Fly out, F9 (Flyball, 9D, EV 100.0 MPH)
Batting: RHB Er Le 0-0: Called Strike
0-1: Swinging Strike
0-2: Ball
1-2: Strikes out looking
Batting: LHB Chris Williams 0-0: Ball
1-0: Fly out, F8 (Flyball, 8LM, EV 79.4 MPH)
Top of the 1st over - 0 runs, 0 hits, 0 errors, 0 left on base; Harrisburg 0 - Jacksonville 0
BOTTOM OF THE 1ST
Jacksonville Suns batting - Pitching for Harrisburg Senators : RHP Josh Wellman
Pitching: RHP Josh Wellman
Batting: RHB Akira Suzuki 0-0: Called Strike
0-1: Called Strike
0-2: Ball
1-2: Strikes out swinging
Batting: RHB Reomel Somera 0-0: Ball
1-0: Called Strike
1-1: Called Strike
1-2: Strikes out looking
Batting: RHB Jack Power 0-0: Ground out 6-3 (Groundball, 6, EV 103.8 MPH)
Bottom of the 1st over - 0 runs, 0 hits, 0 errors, 0 left on base; Harrisburg 0 - Jacksonville 0
TOP OF THE 2ND
Harrisburg Senators batting - Pitching for Jacksonville Suns : RHP Carlos Guerrero
Batting: RHB Antonio Laurel 0-0: Ball
1-0: Ball
2-0: Called Strike
2-1: Called Strike
2-2: Ball
3-2: Foul Ball, location: 2F
3-2: Foul Ball, location: 2F
3-2: SINGLE (Line Drive, 8LS, EV 106.2 MPH)
Batting: LHB Chance McWilliams 0-0: Ball
1-0: Called Strike
1-1: Foul Ball, location: 2F
1-2: SINGLE (Groundball, 34, EV 78.1 MPH) (infield hit)
Antonio Laurel to second
Batting: RHB Pat Scaturro 0-0: Called Strike
0-1: Ball
1-1: SINGLE (Groundball, 4D, EV 101.2 MPH)
Antonio Laurel to third
Chance McWilliams to second
Batting: SHB Curtis DeLille 0-0: Ball
1-0: Ball
2-0: Ball
3-0: Called Strike
3-1: Fly out, F7 (Flyball, 78S, EV 86.9 MPH)
Batting: RHB Roger Simmons 0-0: Ball
1-0: Ball
2-0: Fly out, F8 (Flyball, 8RD, EV 94.4 MPH)
Runner from 3rd tags up, SCORES, throw by CF
Chance McWilliams to third
Batting: RHB Willie de los Santos 0-0: Called Strike
0-1: Ground out 4-3 (Groundball, 34, EV 88.1 MPH)
Top of the 2nd over - 1 run, 3 hits, 0 errors, 2 left on base; Harrisburg 1 - Jacksonville 0
BOTTOM OF THE 2ND
Jacksonville Suns batting - Pitching for Harrisburg Senators : RHP Josh Wellman
Batting: LHB Dong-u Chang 0-0: Called Strike
0-1: Called Strike
0-2: Ball
1-2: Foul Ball, location: 2F
1-2: Foul Ball, location: 2F
1-2: Foul Ball, location: 2F
1-2: Foul Ball, location: 2F
1-2: Ball
2-2: Ground out 5-3 (Groundball, 5S, EV 90.6 MPH)
Batting: LHB Orlando Rivera 0-0: Foul Ball, location: 2F
0-1: Swinging Strike
0-2: Foul Ball, location: 2F
0-2: Foul Ball, location: 2F
0-2: Foul Ball, location: 2F
0-2: Foul Ball, location: 2F
0-2: SINGLE (Groundball, 34D, EV 103.1 MPH)
Batting: LHB Matt McKeon 0-0: Ball
1-0: Ball
2-0: Foul Ball, location: 2F
2-1: Fly out, F9 (Line Drive, 9LS, EV 111.2 MPH)
Batting: RHB Len Graham 0-0: Ball
Orlando Rivera steals 2nd base
1-0: Foul Ball, location: 2F
1-1: Ground out 3-1 (Groundball, 34, EV 84.4 MPH)
Bottom of the 2nd over - 0 runs, 1 hit, 0 errors, 1 left on base; Harrisburg 1 - Jacksonville 0
TOP OF THE 3RD
Harrisburg Senators batting - Pitching for Jacksonville Suns : RHP Carlos Guerrero
Batting: RHB Ryan Hiemer 0-0: Called Strike
0-1: Ball
1-1: Ball
2-1: Ground out 5-3 (Groundball, 56, EV 84.4 MPH)
Batting: RHB Er Le 0-0: Ball
1-0: Foul Ball, location: 2F
1-1: Swinging Strike
1-2: Ball
2-2: Strikes out swinging
Batting: LHB Chris Williams 0-0: Ball
1-0: Ball
2-0: Ball
3-0: Called Strike
3-1: SINGLE (Groundball, 56D, EV 94.4 MPH)
Batting: RHB Antonio Laurel 0-0: Fly out, F7 (Flyball, 7S, EV 97.5 MPH)
Top of the 3rd over - 0 runs, 1 hit, 0 errors, 1 left on base; Harrisburg 1 - Jacksonville 0
BOTTOM OF THE 3RD
Jacksonville Suns batting - Pitching for Harrisburg Senators : RHP Josh Wellman
Batting: RHB Larry LeFever 0-0: Called Strike
0-1: Ball
1-1: Swinging Strike
1-2: Ball
2-2: SINGLE (Groundball, 6MD, EV 96.9 MPH)
Batting: RHB Chris Alft 0-0: Called Strike
0-1: Swinging Strike
0-2: Ball
1-2: Ground out 5-3 (Groundball, 56, EV 101.9 MPH)
Larry LeFever to second
Batting: RHB Akira Suzuki 0-0: Ball
1-0: Ground out 6-3 (Groundball, 6, EV 86.9 MPH)
Batting: RHB Reomel Somera 0-0: Ball
1-0: Fly out, F8 (Flyball, 8RXD, EV 103.1 MPH)
Bottom of the 3rd over - 0 runs, 1 hit, 0 errors, 1 left on base; Harrisburg 1 - Jacksonville 0
TOP OF THE 4TH
Harrisburg Senators batting - Pitching for Jacksonville Suns : RHP Carlos Guerrero
Batting: LHB Chance McWilliams 0-0: Ball
1-0: DOUBLE (Line Drive, 9LM, EV 96.2 MPH)
Batting: RHB Pat Scaturro 0-0: Called Strike
0-1: Called Strike
0-2: Strikes out looking
Batting: SHB Curtis DeLille 0-0: Foul Ball, location: 2F
0-1: Ground out 6-3 (Groundball, 6, EV 85.6 MPH)
Batting: RHB Roger Simmons 0-0: Ground out 5-3 (Groundball, 56, EV 90.0 MPH)
Top of the 4th over - 0 runs, 1 hit, 0 errors, 1 left on base; Harrisburg 1 - Jacksonville 0
BOTTOM OF THE 4TH
Jacksonville Suns batting - Pitching for Harrisburg Senators : RHP Josh Wellman
Batting: RHB Jack Power 0-0: Called Strike
0-1: Swinging Strike
0-2: Ball
1-2: Ball
2-2: SINGLE (Groundball, 34D, EV 99.4 MPH)
Batting: LHB Dong-u Chang 0-0: Called Strike
0-1: Foul Ball, location: 2F
0-2: Grounds into double play, 5-4-3 (Groundball, 56, EV 91.2 MPH)
Batting: LHB Orlando Rivera 0-0: Ball
1-0: Fly out, F9 (Line Drive, 9S, EV 106.9 MPH)
Bottom of the 4th over - 0 runs, 1 hit, 0 errors, 0 left on base; Harrisburg 1 - Jacksonville 0
TOP OF THE 5TH
Harrisburg Senators batting - Pitching for Jacksonville Suns : RHP Carlos Guerrero
Batting: RHB Willie de los Santos 0-0: Ball
1-0: Ground out U3 (Groundball, 34, EV 82.5 MPH)
Batting: RHB Ryan Hiemer 0-0: Swinging Strike
0-1: Ball
1-1: Ball
2-1: Fly out, F9 (Line Drive, 9, EV 106.2 MPH)
Batting: RHB Er Le 0-0: Ball
1-0: Ball
2-0: Ball
3-0: Called Strike
3-1: Fly out, F7 (Flyball, 78S, EV 89.4 MPH)
Top of the 5th over - 0 runs, 0 hits, 0 errors, 0 left on base; Harrisburg 1 - Jacksonville 0
BOTTOM OF THE 5TH
Jacksonville Suns batting - Pitching for Harrisburg Senators : RHP Josh Wellman
Batting: LHB Matt McKeon 0-0: Ball
1-0: Foul Ball, location: 2F
1-1: Foul Ball, location: 2F
1-2: Ball
2-2: Strikes out swinging
Batting: RHB Len Graham 0-0: Ball
1-0: Ball
2-0: Fly out, F4 (Line Drive, 34D, EV 68.1 MPH)
Batting: RHB Larry LeFever 0-0: Ground out 5-3 (Groundball, 56, EV 79.4 MPH)
Bottom of the 5th over - 0 runs, 0 hits, 0 errors, 0 left on base; Harrisburg 1 - Jacksonville 0
TOP OF THE 6TH
Harrisburg Senators batting - Pitching for Jacksonville Suns : RHP Carlos Guerrero
Batting: LHB Chris Williams 0-0: Ground out 4-3 (Groundball, 4, EV 85.0 MPH)
Batting: RHB Antonio Laurel 0-0: Ball
1-0: Fly out, F7 (Flyball, 7LM, EV 95.0 MPH)
Batting: LHB Chance McWilliams 0-0: Ball
1-0: Ball
2-0: Ground out U3 (Groundball, 3, EV 84.4 MPH)
Top of the 6th over - 0 runs, 0 hits, 0 errors, 0 left on base; Harrisburg 1 - Jacksonville 0
BOTTOM OF THE 6TH
Jacksonville Suns batting - Pitching for Harrisburg Senators : RHP Josh Wellman
Batting: RHB Chris Alft 0-0: Swinging Strike
0-1: Foul Ball, location: 2F
0-2: Foul Ball, location: 2F
0-2: Fly out, F9 (Flyball, 9LS, EV 78.1 MPH)
Batting: RHB Akira Suzuki 0-0: Ball
1-0: Fly out, F5 (Popup, 56S, EV 75.0 MPH)
Batting: RHB Reomel Somera 0-0: Ball
1-0: Ball
2-0: Called Strike
2-1: Foul Ball, location: 2F
2-2: Fly out, F9 (Flyball, 9, EV 92.5 MPH)
Bottom of the 6th over - 0 runs, 0 hits, 0 errors, 0 left on base; Harrisburg 1 - Jacksonville 0
TOP OF THE 7TH
Harrisburg Senators batting - Pitching for Jacksonville Suns : RHP Carlos Guerrero
Batting: RHB Pat Scaturro 0-0: Ball
1-0: Swinging Strike
1-1: Called Strike
1-2: Strikes out swinging
Batting: SHB Curtis DeLille 0-0: SINGLE (Groundball, 5D, EV 98.1 MPH)
Pitching: RHP Mike Yorke
Batting: RHB Roger Simmons 0-0: Ball
1-0: Swinging Strike
1-1: Grounds into double play, 5-4-3 (Groundball, 56, EV 102.5 MPH)
Top of the 7th over - 0 runs, 1 hit, 0 errors, 0 left on base; Harrisburg 1 - Jacksonville 0
BOTTOM OF THE 7TH
Jacksonville Suns batting - Pitching for Harrisburg Senators : RHP Josh Wellman
Batting: RHB Jack Power 0-0: Ball
1-0: Foul Ball, location: 2F
1-1: Fly out, F8 (Flyball, 78M, EV 86.9 MPH)
Batting: LHB Dong-u Chang 0-0: Foul Ball, location: 2F
0-1: Ground out U3 (Groundball, 3, EV 105.0 MPH)
Batting: LHB Orlando Rivera 0-0: Ball
1-0: Foul Ball, location: 2F
1-1: Ball
2-1: Foul Ball, location: 2F
2-2: Strikes out swinging
Bottom of the 7th over - 0 runs, 0 hits, 0 errors, 0 left on base; Harrisburg 1 - Jacksonville 0
TOP OF THE 8TH
Harrisburg Senators batting - Pitching for Jacksonville Suns : RHP Mike Yorke
Batting: RHB Willie de los Santos 0-0: Ball
1-0: Ball
2-0: Ball
3-0: Base on Balls
Batting: RHB Ryan Hiemer 0-0: Called Strike
0-1: Ball
1-1: Ball
2-1: Ball
3-1: Foul Ball, location: 2F
3-2: Base on Balls
Willie de los Santos to second
Batting: RHB Er Le 0-0: Ball
1-0: Ball
2-0: Bunted foul
2-1: Ball
3-1: Bunt missed!
3-2: Strikes out swinging
Batting: LHB Chris Williams 0-0: DOUBLE (Flyball, 89XD, EV 111.9 MPH)
Willie de los Santos scores
Ryan Hiemer to third
Batting: RHB Antonio Laurel 0-0: Ball
1-0: Called Strike
1-1: SINGLE (Groundball, 6D, EV 103.8 MPH)
Ryan Hiemer scores
Chris Williams to third
Batting: LHB Chance McWilliams 0-0: Fly out, F9 (Flyball, 9, EV 90.6 MPH)
Runner from 3rd tags up, SCORES, throw by RF
Pitching: LHP Will Sledge
Batting: RHB Pat Scaturro 0-0: Called Strike
0-1: Ball
1-1: Ball
2-1: Swinging Strike
2-2: Strikes out swinging
Top of the 8th over - 3 runs, 2 hits, 0 errors, 1 left on base; Harrisburg 4 - Jacksonville 0
BOTTOM OF THE 8TH
Jacksonville Suns batting - Pitching for Harrisburg Senators : RHP Josh Wellman
Batting: LHB Matt McKeon 0-0: Ball
1-0: DOUBLE (Groundball, 3L, EV 105.0 MPH)
Batting: RHB Len Graham 0-0: Ground out 6-3 (Groundball, 6S, EV 86.2 MPH)
Matt McKeon to third
Batting: RHB Larry LeFever 0-0: Ball
1-0: Ball
2-0: Ground out 5-3 (Groundball, 56S, EV 81.2 MPH)
Matt McKeon scores
Batting: RHB Chris Alft 0-0: Called Strike
0-1: Foul Ball, location: 2F
0-2: Fly out, F7 (Flyball, 78M, EV 78.1 MPH)
Bottom of the 8th over - 1 run, 1 hit, 0 errors, 0 left on base; Harrisburg 4 - Jacksonville 1
TOP OF THE 9TH
Harrisburg Senators batting - Pitching for Jacksonville Suns : LHP Will Sledge
Pitching: RHP Cory Levine
Batting: SHB Curtis DeLille 0-0: Foul Ball, location: 2F
0-1: Called Strike
0-2: Ball
1-2: Strikes out swinging
Batting: RHB Roger Simmons 0-0: Ball
1-0: Called Strike
1-1: Fly out, F7 (Flyball, 7D, EV 108.1 MPH)
Batting: RHB Willie de los Santos 0-0: Called Strike
0-1: Foul Ball, location: 2F
0-2: Ball
1-2: Ball
2-2: Fly out, F8 (Flyball, 8LD, EV 98.8 MPH)
Top of the 9th over - 0 runs, 0 hits, 0 errors, 0 left on base; Harrisburg 4 - Jacksonville 1
BOTTOM OF THE 9TH
Jacksonville Suns batting - Pitching for Harrisburg Senators : RHP Josh Wellman
Pitching: RHP Stacey Kerssies
Now at 2B: Victor Cintron
Batting: RHB Akira Suzuki 0-0: Ball
1-0: Ball
2-0: Called Strike
2-1: Fly out, F6 (Popup, 6M, EV 61.9 MPH)
Batting: RHB Reomel Somera 0-0: Ball
1-0: Swinging Strike
1-1: Foul Ball, location: 2F
1-2: Strikes out swinging
Batting: RHB Jack Power 0-0: Hit by Pitch
Batting: LHB Dong-u Chang 0-0: Ball
1-0: Called Strike
1-1: Swinging Strike
1-2: Ball
2-2: Ground out 1-3 (Groundball, 23, EV 75.0 MPH)
Bottom of the 9th over - 0 runs, 0 hits, 0 errors, 1 left on base; Harrisburg 4 - Jacksonville 1
Sunday, July 16th , 2023 - OOTP Baseball 24.6 Build 69